 Dungeon Crawl Stone Soup version 0.25-a0-366-g516bc45ae0 (webtiles) character file.

Game seed: 15230986581919060960, levelgen mode: deterministic

3812 DerDa the Thaumaturge (level 10, -3/53 HPs)
             Began as a Vine Stalker Fighter on Jan 6, 2020.
             Was an Elder of Okawaru.
             Slain by a white ugly thing (17 damage)
             ... on level 7 of the Dungeon.
             The game lasted 00:15:41 (5565 turns).

DerDa the Thaumaturge (Vine Stalker Fighter)        Turns: 5565, Time: 00:15:44

Health: -3/53      AC: 10    Str: 19    XL:     10   Next: 17%
Magic:  0/23       EV: 11    Int:  8    God:    Okawaru [****..]
Gold:   387        SH: 10    Dex: 17    Spells: 25/25 levels left

rFire    . . .     SeeInvis +   a - +0 long sword
rCold    . . .     Gourm    .   c - +0 shield
rNeg     . . .     Faith    .   b - +0 scale mail
rPois    .         Spirit   +   e - +1 helmet
rElec    .         Reflect  .   s - +0 cloak
rCorr    .         Harm     .   (no gloves)
MR       +....                  (no boots)
Stlth    ..........             (no amulet)
HPRegen  0.57/turn              w - ring of see invisible
MPRegen  0.18/turn              (no ring)

@: no status effects
A: fangs 3, regeneration 1, magic shield, antimagic bite, no potion heal 3, rot
immunity
a: Heroism, Renounce Religion


You were on level 7 of the Dungeon.
You worshipped Okawaru.
Okawaru was greatly pleased with you.
You were hungry.

You visited 2 branches of the dungeon, and saw 8 of its levels.

You collected 387 gold pieces.

Inventory:

Hand Weapons
 a - a +0 long sword (weapon)
 N - a +0 hunting sling
Missiles
 i - 111 stones
 r - 66 poisoned darts (quivered)
 y - 65 bolts
 M - 20 sling bullets
Armour
 b - a +0 scale mail (worn)
 c - a +0 shield (worn)
 e - a +1 helmet (worn)
 s - a +0 cloak (worn)
 L - a cursed +0 ring mail
Jewellery
 w - a ring of see invisible (left hand)
Wands
 o - a wand of digging (4)
 C - a wand of acid (7)
 G - a wand of flame (22)
 I - a wand of iceblast (7)
Scrolls
 g - 2 scrolls of fog
 k - a scroll of magic mapping
 l - 3 scrolls of blinking
 n - 3 scrolls of fear
 p - 3 scrolls of enchant weapon {unknown}
 q - 4 scrolls of remove curse
 t - 3 scrolls of identify
 x - 3 scrolls of teleportation {unknown}
 B - a scroll of immolation {unknown}
 D - 2 scrolls of amnesia {unknown}
 K - 3 scrolls of enchant armour {unknown}
Potions
 d - 2 potions of might
 h - 2 potions of brilliance {unknown}
 j - a potion of lignification {unknown}
 m - 3 potions of haste {unknown}
 u - 2 potions of resistance {unknown}
 v - a potion of magic {unknown}
 z - a potion of invisibility {unknown}
 A - a potion of ambrosia {unknown}
 E - 2 potions of curing {unknown}
 F - 4 potions of mutation {unknown}
 H - a potion of heal wounds {unknown}
 J - a potion of degeneration {unknown}
Comestibles
 f - 12 rations


   Skills:
 + Level 6.0 Fighting
 - Level 1.7 Long Blades
 + Level 5.3 Armour
 + Level 4.7 Dodging
 + Level 6.0 Shields
 * Level 8.2 Spellcasting


You had 25 spell levels left.
You didn't know any spells.
Your spell library contained the following spells:

 Spells                   Type           Power        Failure   Level  Hunger
 Confusing Touch          Hex            #.....       86%         1    None
 Foxfire                  Conj/Fire      #...         86%         1    None
 Confuse                  Hex            #.......     99%         3    ###....
 Conjure Flame            Conj/Fire      #.......     99%         3    ###....
 Gell's Gravitas          Tloc           #.........   99%         3    ###....
 Inner Flame              Hex/Fire       #.......     99%         3    ###....
 Petrify                  Tmut/Erth      #.......     100%        4    ####...
 Sticky Flame             Conj/Fire      #.......     100%        4    ####...
 Fireball                 Conj/Fire      #.........   100%        5    ######.
 Metabolic Englaciation   Hex/Ice        #.........   100%        5    ######.
 Yara's Violent Unravell  Hex/Tmut       #.........   100%        5    ######.


Dungeon Overview and Level Annotations

Branches:
Dungeon (7/15)             Temple (1/1) D:4

Altars:
Ashenzari
Cheibriados
Elyvilon
Fedhas
Gozag
Hepliaklqana
Kikubaaqudgha
Makhleb
Nemelex Xobeh
Okawaru
Qazlal
Ru
Sif Muna
Trog
Uskayaw
Vehumet
Wu Jian
Xom
Yredelemnul
Zin
The Shining One


Innate Abilities, Weirdness & Mutations

You have razor-sharp teeth.
Your natural rate of healing is unusually fast.
When hurt, damage is shared between your health and your magic reserves.
Your bite disrupts and absorbs the magic of your enemies.
Potions cannot restore your health.
You are immune to rotting.


Message History

You hit the vampire mosquito but do no damage.
You block the vampire mosquito's attack. x2
You closely miss the vampire mosquito. You bite the vampire mosquito!
You drain its power.
You feel invigorated.
The vampire mosquito is moderately damaged.
The vampire mosquito bites you.
* * * LOW HITPOINT WARNING * * *
The vampire mosquito draws strength from your injuries!
The vampire mosquito barely misses you.
You hit the white ugly thing but do no damage.
You bite the white ugly thing, but do no damage.
The white ugly thing is severely wounded.
You block the white ugly thing's attack.
You hit the white ugly thing. You bite the white ugly thing.
You drain its power.
You feel invigorated.
The white ugly thing is almost dead.
The white ugly thing gores you.
* * * LOW HITPOINT WARNING * * *
The white ugly thing freezes you!!
You die...

#.# #..# #.# #.#.#.#
#.#######..###.# #.#.#.#
.............#.#####
#.#.#.#
..#######..#.#.....#
#.#.#.# ..# #..#.#####.#
#.#.#.# #.#
#..#.#####.#####.#.#.# #.#
#..#...............#.# #.#
#####..#..####.#####.###.#
#.# #........yuu@..# #.#
#.# #.#
#.###..#############.# #.#
..###........).........รท.#
#.#
#.......u...##############
#.# .#..###'###..## #.#
...##...^.##..## #.#
#.##.......##..# #.#
###.........##.# #.#
#.....u.....#.# #.#


You could see 2 ugly things and a vampire mosquito.

Vanquished Creatures
  Harold (D:6)
  Joseph (D:7)
  Prince Ribbit (D:6)
  Grinder (D:3)
  3 yaks (D:6)
  A water moccasin (D:5)
  2 orc warriors (D:7)
  A black bear (D:7)
  3 ogres
  A necrophage (D:6)
  A centaur (D:6)
  A bullfrog (D:4)
  A scorpion (D:6)
  2 crimson imps (D:6)
  A jelly (D:6)
  2 orc priests
  2 hounds
  8 orc wizards
  A bullfrog skeleton (D:7)
  A centaur skeleton (D:6)
  Natasha (thrice) (D:2)
  10 worker ants
  A hound skeleton (D:6)
  A worker ant zombie (D:6)
  5 gnolls
  6 adders
  2 oozes
  5 worms
  A dart slug (D:2)
  3 leopard geckos
  19 orcs
  3 ball pythons
  6 giant cockroaches
  6 goblins
  7 hobgoblins
  12 jackals
  A quokka (D:6)
  6 bats
  4 frilled lizards
  7 kobolds
  3 leopard gecko skeletons
  3 rats
149 creatures vanquished.

Notes
Turn   | Place    | Note
-------+----------+-------------------------------------------
     0 | D:1      | DerDa the Vine Stalker Fighter began the quest for the Orb.
     0 | D:1      | Reached XP level 1. HP: 11/11 MP: 2/2
    41 | D:1      | Reached XP level 2. HP: 13/16 MP: 2/4
    66 | D:1      | Reached skill level 1 in Spellcasting
   270 | D:1      | Reached XP level 3. HP: 7/19 MP: 1/5
   845 | D:2      | Noticed Natasha
   850 | D:2      | Killed Natasha
   856 | D:2      | Gained mutation: Your natural rate of healing is unusually
                  | fast. [Vine Stalker growth]
   856 | D:2      | Reached XP level 4. HP: 16/24 MP: 5/7
   873 | D:2      | Reached skill level 1 in Dodging
   874 | D:2      | Noticed Natasha
   887 | D:2      | Killed Natasha
   887 | D:2      | Reached skill level 2 in Spellcasting
  1043 | D:2      | Noticed Natasha
  1047 | D:2      | Reached XP level 5. HP: 26/28 MP: 7/9
  1089 | D:2      | Killed Natasha
  1247 | D:2      | Found a faded altar of an unknown god.
  1414 | D:3      | Noticed Grinder
  1445 | D:3      | Killed Grinder
  1445 | D:3      | Reached skill level 3 in Spellcasting
  1445 | D:3      | Reached XP level 6. HP: 27/32 MP: 10/12
  1545 | D:3      | Found an ornate altar of the Wu Jian Council.
  1665 | D:3      | Found a blossoming altar of Fedhas.
  1922 | D:4      | Reached XP level 7. HP: 30/37 MP: 11/13
  2015 | D:4      | Reached skill level 4 in Spellcasting
  2142 | D:4      | Found a burning altar of Makhleb.
  2392 | D:4      | Found a staircase to the Ecumenical Temple.
  2401 | Temple   | Entered the Ecumenical Temple
  2508 | Temple   | Became a worshipper of Warmaster Okawaru
  2792 | D:5      | Entered Level 5 of the Dungeon
  2792 | D:5      | Found a shimmering blue altar of Sif Muna.
  2792 | D:5      | Found a burning altar of Makhleb.
  2792 | D:5      | Found a glowing golden altar of the Shining One.
  2792 | D:5      | Found a sparkling altar of Nemelex Xobeh.
  2792 | D:5      | Found a radiant altar of Vehumet.
  2792 | D:5      | Found a hazy altar of Hepliaklqana.
  2793 | D:5      | Found a glowing silver altar of Zin.
  2812 | D:5      | Gained mutation: You have razor-sharp teeth. [Vine Stalker
                  | growth]
  2812 | D:5      | Reached XP level 8. HP: 42/42 MP: 16/16
  3033 | D:5      | Reached skill level 5 in Spellcasting
  3365 | D:6      | Noticed a yak
  3365 | D:6      | Noticed a yak
  3377 | D:6      | Noticed a yak
  3382 | D:6      | Killed a yak
  3389 | D:6      | Killed a yak
  3398 | D:6      | Killed a yak
  3398 | D:6      | Reached * piety under Okawaru
  3603 | D:6      | Reached skill level 6 in Spellcasting
  3712 | D:6      | Reached XP level 9. HP: 42/46 MP: 17/19
  3719 | D:6      | Reached skill level 5 in Shields
  3723 | D:6      | Reached skill level 5 in Fighting
  3931 | D:6      | Noticed Prince Ribbit
  3945 | D:6      | Killed Prince Ribbit
  4038 | D:6      | Reached ** piety under Okawaru
  4421 | D:7      | Noticed Harold
  4489 | D:6      | Killed Harold
  4489 | D:6      | Reached *** piety under Okawaru
  4489 | D:6      | Reached skill level 5 in Armour
  4489 | D:6      | Reached skill level 7 in Spellcasting
  4592 | D:7      | Noticed Joseph
  4605 | D:7      | Killed Joseph
  4631 | D:7      | Found an ancient bone altar of Kikubaaqudgha.
  4634 | D:7      | Reached XP level 10. HP: 31/53 MP: 18/22
  4703 | D:7      | Reached skill level 8 in Spellcasting
  5454 | D:7      | Reached **** piety under Okawaru
  5494 | D:7      | Found a stormy altar of Qazlal.
  5494 | D:7      | Found a hazy altar of Hepliaklqana.
  5495 | D:7      | Found a shattered altar of Ashenzari.
  5495 | D:7      | Found a shimmering altar of Xom.
  5511 | D:7      | Noticed a purple ugly thing
  5512 | D:7      | Noticed a brown ugly thing
  5565 | D:7      | Slain by a white ugly thing

Levels and vault maps discovered:
D:1:      minmay_arrival_cross, layout_basic
D:2:      layout_basic, chequers_ecumenical_altar_simple_redux, uniq_natasha
D:3:      layout_rooms, fedhas_altar_2, lemuel_crystal_altar, uniq_grinder
D:4:      layout_basic, minmay_temple_entry_nine_rooms, first_ration,
          makhleb_heckhound_becter
D:5:      layout_cave_pools, grunt_temple_overflow_open,
          minmay_tree_intersection
D:6:      layout_basic, uniq_prince_ribbit1
D:7:      minmay_the_grid_octo_2x2 [minmay_the_grid_octo_empty,
          minmay_the_grid_octo_clover, minmay_the_grid_octo_shrine,
          minmay_the_grid_octo_prize_square_snowflake], layout_basic,
          lemuel_crystal_altar, uniq_joseph, uniq_harold
Temple:   minmay_temple_curvy_loop

Skill      XL: |  1  2  3  4  5  6  7  8  9 10 |
---------------+-------------------------------+-----
Spellcasting   | 1 2 3 4 6 7 8 |  8.2
Fighting       | 3 4 5 6 |  6.0
Shields        | 3 4 5 6 |  6.0
Dodging        | 1 2 3 4 |  4.7
Armour         | 3 4 5 |  5.3
Long Blades    | |  1.7

Action                   |  1- 3 |  4- 6 |  7- 9 | 10-12 || total
-------------------------+-------+-------+-------+-------++-------
Melee: Long sword        |    75 |   135 |   314 |   102 ||   626
       Bite              |    24 |    38 |   138 |    48 ||   248
Throw: Throwing net      |       |     1 |       |       ||     1
       Dart              |       |       |    21 |       ||    21
Invok: Heroism           |       |       |     1 |       ||     1
  Use: Scroll            |       |       |     5 |       ||     5
       Potion            |       |       |     1 |       ||     1
 Stab: Held in net/web   |       |     1 |       |       ||     1
  Eat: Chunk             |       |     4 |     8 |     4 ||    16
Armor: Scale mail        |    35 |    57 |   126 |    29 ||   247
Dodge: Dodged            |    29 |    35 |   120 |    41 ||   225
Block: Shield            |    33 |    67 |   165 |    51 ||   316
       Rpst.: Long sword |     8 |    14 |    36 |    14 ||    72

Table legend:
 A = Non-vault XP
 B = Vault XP
 C = Vault XP percentage of total XP
 D = Non-vault monster count
 E = Vault monster count
 F = Vault count percentage of total count
                 A         B        C        D         E       F
            +---------+---------+-------+---------+---------+-------
      Total |    2823 |    2623 |  48.2 |     135 |      14 |   9.4
            +---------+---------+-------+---------+---------+-------
        D:1 |      37 |       0 |   0.0 |      16 |       0 |   0.0
        D:2 |     207 |      35 |  14.5 |      32 |       1 |   3.0
        D:3 |      32 |     262 |  89.1 |      10 |       1 |   9.1
        D:4 |     555 |      45 |   7.5 |      24 |       1 |   4.0
        D:5 |     231 |       0 |   0.0 |      10 |       0 |   0.0
        D:6 |    1484 |    1293 |  46.6 |      32 |       2 |   5.9
        D:7 |     277 |     988 |  78.1 |      11 |       9 |  45.0
            +---------+---------+-------+---------+---------+-------
